 Dungeon Crawl Stone Soup version 0.30-a0-218-gedb9141078 (webtiles) character file.

Game seed: 3038636418233383739

387 bande the Covered (level 6, -7/38 HPs)
             Began as a Gargoyle Fighter on Oct 5, 2022.
             Was a Follower of Okawaru.
             Mangled by an ogre
             ... wielding a +0 giant spiked club
              (10 damage)
             ... on level 5 of the Dungeon.
             The game lasted 00:06:53 (3346 turns).

bande the Covered (Gargoyle Fighter)                Turns: 3346, Time: 00:06:53

Health: -7/38      AC: 19    Str: 20    XL:     6   Next: 78%
Magic:  7/7        EV:  6    Int:  8    God:    Okawaru [*.....]
Gold:   202        SH:  8    Dex: 11    Spells: 5/5 levels left

rFire   + + .      SeeInvis .    a - +0 war axe
rCold   + . .      Faith    .    v - +0 kite shield
rNeg    + . .      Spirit   .    s - +0 chain mail
rPois   ∞          Reflect  .    (no helmet)
rElec   +          Harm     .    r - scarf {rC+ rF+}
rCorr   .          Rampage  .    l - +0 pair of gloves
Will    .....                    (no boots)
Stlth   ..........               (no amulet)
HPRegen 0.26/turn                h - +4 ring of protection
MPRegen 0.10/turn                t - ring of protection from fire

@: no status effects
A: sickness immunity, AC +4, negative energy resistance 1, electricity
resistance, torment resistance 1, petrification resistance
a: Renounce Religion, Heroism


You were on level 5 of the Dungeon.
You worshipped Okawaru.
Okawaru was aware of your devotion.
You visited 1 branch of the dungeon, and saw 5 of its levels.

You collected 202 gold pieces.

Inventory:

Hand Weapons
 a - a +0 war axe (weapon)
Armour
 l - a +0 pair of gloves (worn)
 n - a +0 cloak
 r - a scarf of resistance (worn)
 s - a +0 chain mail (worn)
 v - a +0 kite shield (worn)
Jewellery
 h - a +4 ring of protection (left hand)
 t - a ring of protection from fire (right hand)
Wands
 c - a wand of flame (11)
 k - a wand of polymorph (11)
 u - a wand of digging (7)
Scrolls
 g - a scroll of magic mapping
 i - a scroll of teleportation
Potions
 b - 2 potions of mutation
 d - a potion of might
 e - 2 potions of curing {unknown}
 f - a potion of heal wounds {unknown}
 j - a potion of invisibility {unknown}
 o - a potion of brilliance {unknown}
 p - a potion of resistance {unknown}
 q - a potion of cancellation {unknown}


   Skills:
 + Level 4.3 Fighting
 + Level 4.0 Axes
 + Level 4.5 Armour
 + Level 4.1 Shields
 * Level 2.3 Invocations
 * Level 1.1 Evocations


You had 5 spell levels left.
You didn't know any spells.
Your spell library was empty.

Dungeon Overview and Level Annotations

Branches:
Dungeon (5/15)             Temple (0/1) D:4

Altars:
Gozag
Okawaru
Qazlal
The Shining One


Innate Abilities, Weirdness & Mutations

You are immune to sickness and miasma.
Your stone body is resilient. (AC +4)
You are immune to poison.
You resist negative energy. (rN+)
You are resistant to electric shocks. (rElec)
You are resistant to unholy torment.
You are immune to petrification.


Message History

You barely miss the ball python.
The ball python bites you but does no damage.
The ball python constricts you. The ball python barely misses you.
The ball python constricts you.
You hit the ball python.
The ball python is moderately wounded.
The ball python barely misses you. The ball python constricts you.
You block the ball python's attack. The ball python constricts you.
You slash the ball python!
You kill the ball python!
Okawaru accepts your kill.
No target in view!
No target in view!
No target in view!
No target in view!
No target in view!
You see here a ball python corpse.
Done exploring.
Done exploring.
You see here a ball python corpse.
There is a stone staircase leading up here.
There is a stone staircase leading down here.
You climb downwards.
There is a stone staircase leading up here.
An ogre comes into view. It is wielding a +0 giant spiked club.
The ogre shouts!
An ogre is nearby!
You slash the ogre!
The ogre is moderately wounded.
The ogre hits you with a +0 giant spiked club!
You hear a shout!
You hit the ogre.
The ogre is moderately wounded.
A shadow imp comes into view.
The ogre hits you with a +0 giant spiked club!!
* * * LOW HITPOINT WARNING * * *
You slash the ogre!
The ogre is severely wounded.
The ogre hits you with a +0 giant spiked club!
You die...

#.. #.# ## #.#
.. #.# ##. #.#
. .. #.# ... #.
#.#
.....#.######<#
#...@......#
###O########
..5 ###. .. ##


You could see an ogre and a shadow imp.

Vanquished Creatures
  A black bear (D:4)
  A howler monkey (D:4)
  3 jellies (D:4)
  Natasha (D:3)
  A gnoll (D:1)
  6 adders
  An ufetubus (D:4)
  2 worms (D:3)
  A dart slug (D:4)
  An orc (D:3)
  A bat (D:2)
  6 endoplasms
  3 giant cockroaches
  6 goblins
  6 hobgoblins
  4 jackals (D:2)
  13 kobolds
  2 quokkas
  8 ball pythons
  3 frilled lizards
  5 rats
75 creatures vanquished.

Notes
Turn   | Place    | Note
-------+----------+-------------------------------------------
     0 | D:1      | bande the Gargoyle Fighter began the quest for the Orb.
     0 | D:1      | Reached XP level 1. HP: 14/14 MP: 1/1
   277 | D:1      | Found a faded altar of an unknown god.
   281 | D:1      | Reached XP level 2. HP: 19/19 MP: 2/2
   613 | D:1      | Reached XP level 3. HP: 20/24 MP: 3/3
   946 | D:2      | You fall into a shaft and drop 1 floor!
   946 | D:3      | Found an iron altar of Okawaru.
   946 | D:3      | Found an opulent altar of Gozag.
   946 | D:3      | Found a glowing golden altar of the Shining One.
   951 | D:3      | Became a worshipper of Warmaster Okawaru
  1092 | D:3      | Reached XP level 4. HP: 20/29 MP: 4/4
  1499 | D:2      | Reached skill level 1 in Invocations
  1797 | D:3      | Noticed Natasha
  1803 | D:3      | Killed Natasha
  1804 | D:3      | Reached XP level 5. HP: 19/33 MP: 4/6
  2154 | D:4      | Noticed a black bear
  2400 | D:4      | Found a stormy altar of Qazlal.
  2432 | D:4      | Killed a black bear
  2432 | D:4      | Reached * piety under Okawaru
  2433 | D:4      | Reached XP level 6. HP: 21/38 MP: 7/7
  2552 | D:4      | Reached skill level 1 in Evocations
  2600 | D:4      | Found a staircase to the Ecumenical Temple.
  3336 | D:5      | Entered Level 5 of the Dungeon
  3346 | D:5      | Mangled by an ogre

Illustrated notes

Levels and vault maps discovered:
D:1:      psy_arrival_spokes, layout_loops_ring,
          chequers_ecumenical_altar_island, minmay_misc_feat_iff
D:2:      layout_loops_ring
D:3:      layout_rooms, gammafunk_temple_overflow_claw, corexii_shack,
          uniq_natasha
D:4:      layout_basic, mainiacjoe_overflow_chevrons, minmay_temple_entry_grid
D:5:      layout_loops_corners, kennysheep_generic_room_7

Skill      XL: |  1  2  3  4  5  6 |
---------------+-------------------+-----
Axes           | 2 3 4 |  4.0
Fighting       | 4 |  4.3
Invocations    | 1 2 |  2.3
Armour         | 4 |  4.5
Shields        | 4 |  4.1
Evocations     | 1 |  1.1

Action                   |  1- 3 |  4- 6 || total
-------------------------+-------+-------++-------
Melee: War axe           |    97 |   152 ||   249
  Use: Scroll            |       |     5 ||     5
Armor: Scale mail        |    59 |    37 ||    96
       Chain mail        |       |    67 ||    67
Dodge: Dodged            |    66 |    67 ||   133
Block: Buckler           |    21 |    24 ||    45
       Kite shield       |       |    44 ||    44

Table legend: (Time is in decaauts)
 A = Elapsed time spent in this place.
 B = Non-inter-level travel time spent in this place.
 C = Inter-level travel time spent in this place.
 D = Time resting spent in this place.
 E = Time spent auto-exploring this place.
 F = Levels seen in this place.
 G = Mean time per level.
                   A        B        C        D        E       F      G
               +--------+--------+--------+--------+--------+-----+--------+
         Total |   3456 |   3284 |    172 |    113 |   2240 |   5 |  691.2 |
       Dungeon |   3456 |   3284 |    172 |    113 |   2240 |   5 |  691.2 |
               +--------+--------+--------+--------+--------+-----+--------+

Top non-repeatable levels by time:
     D:4: 979 daAuts
     D:3: 857 daAuts
     D:2: 825 daAuts
     D:1: 783 daAuts
     D:5: 10 daAuts
